AoeStats
← fishbonestew

Arabia

509187789Analyzed
1v1 RM · 6d ago on Sep 25, 2026· 20m 50s· 2 players
Game mode
Random Map
Map size
Tiny (2 player)
Population
200
Speed
Normal
Resources
Standard
Victory
Conquest
Starting age
Dark Age
Ending age
Imperial Age
RankedLock teamsTeams togetherTeam positionsShared explorationLock speedFull tech treeHidden civsTurbo modeCheats
Victory
Defeat
🇮🇹 Mongols · Italy
1119
+14
🇺🇸 Romans · United States
1085
-14
fishbonestew
6:58 Loom
9:44 Feudal Age
10:11 Double-Bit Axe
13:10 Man-at-Arms
14:40 Scale Mail Armor
Waldi
5:27 Loom
8:06 Feudal Age
8:33 Double-Bit Axe
20:21 Castle Age
19:39 Bloodlines
21:28 Scale Barding Armor
Connection lost

Rejoining the realm…

Still unreachable

The connection could not be restored.

Session expired

The server has moved on; the page needs a fresh start.